[Event "Monday 22January Rapid Engine Tour 12+1 Rounds 9 Starts 1600 ST"]
[Site "Infinity Chess"]
[Date "2018.1.22"]
[Round "7"]
[White "Thinker"]
[Black "Eman"]
[Result "1/2-1/2"]
[ECO "C55"]
[WhiteElo "2418"]
[BlackElo "2476"]
[WhiteEngine "BrainFish_180113_x64_modern_CTG"]
[BlackEngine "Eman 1.66 64-bit POPCNT"]
[EventType "Swiss"]
[WhiteTeam ""]
[BlackTeam ""]
[PlyCount "111"]
[TimeControl "720+1"]

1. e4 e5 2. Nf3 Nc6 3. Bc4 Nf6 4. d3 Bc5 5. c3 a5 6. O-O d6 7. h3 h6 8. a4 Ba7 
9. Re1 g5 10. Qb3 Rh7 11. Be3 Bxe3 12. Rxe3 g4 13. hxg4 Nxg4 14. Re1 h5 
15. Nbd2 h4 16. Kf1 Qf6 17. Ke2 Ne7 18. Rh1 b6 19. d4 Bd7 20. Bb5 c6 21. Bc4 Rb8 
22. d5 cxd5 23. Bxd5 Kf8 24. Bc4 Rh5 25. Raf1 d5 26. Bxd5 Nxd5 27. Qxd5 Bxa4 
28. Qc4 Be8 29. Rd1 Qe7 30. Nf1 Qc5 31. Qxc5+ bxc5 32. N1d2 Rxb2 33. Nxh4 Bb5+ 
34. Kf3 Bd7 35. Nc4 Rxf2+ 36. Kg3 Be6 37. Nf5 Rfxf5 38. exf5 Rxf5 39. Rd8+ Ke7 
40. Ra8 Bxc4 41. Kxg4 Rf2 42. Rxa5 Rxg2+ 43. Kf5 Re2 44. Ra7+ Kd6 45. Rd1+ Kc6 
46. Kf6 Re3 47. Ra8 Be6 48. c4 e4 49. Ke5 Rd3 50. Ra6+ Kc7 51. Raa1 Bxc4 
52. Kxe4 Rxd1 53. Rxd1 Kb6 54. Rd8 Kb5 55. Ke5 Kb4 56. Rb8+ 1/2-1/2

[Event "Monday 22January Rapid Engine Tour 12+1 Rounds 9 Starts 1600 ST"]
[Site "Infinity Chess"]
[Date "2018.1.22"]
[Round "7"]
[White "Longin"]
[Black "CrapCleaner"]
[Result "1/2-1/2"]
[ECO "C55"]
[WhiteElo "2451"]
[BlackElo "2470"]
[WhiteEngine "S_XPrO.251117.x64.POPCNT_CTG"]
[BlackEngine "Raubfisch ME262_GTZ16b3._CTG"]
[EventType "Swiss"]
[WhiteTeam ""]
[BlackTeam ""]
[PlyCount "122"]
[TimeControl "720+1"]

1. e4 e5 2. Nf3 Nc6 3. Bc4 Nf6 4. d3 Bc5 5. c3 d6 6. O-O O-O 7. Bb3 a6 
8. Nbd2 Ba7 9. h3 h6 10. Re1 Re8 11. Nf1 Be6 12. Bxe6 Rxe6 13. Be3 Bxe3 
14. Nxe3 d5 15. Qc2 a5 16. a3 Qd7 17. Rad1 Rae8 18. g3 b5 19. a4 b4 20. Kg2 Rb8 
21. Rc1 Re7 22. Nh4 Qe6 23. exd5 Nxd5 24. d4 bxc3 25. bxc3 Ree8 26. Qf5 Nxe3+ 
27. Rxe3 Qd5+ 28. Kg1 Re6 29. Qf3 Rd6 30. Qxd5 Rxd5 31. Nf3 exd4 32. cxd4 Nxd4 
33. Rxc7 Rbd8 34. g4 g6 35. Kg2 Ne6 36. Re7 Kf8 37. Ra7 Rc8 38. Ne5 Rc7 
39. Rxc7 Nxc7 40. Kg3 g5 41. Kf3 Kg7 42. Nc4 Rc5 43. Nd6 Kg6 44. Kg3 Nd5 
45. Rb3 Nf4 46. h4 Ne2+ 47. Kh3 gxh4 48. Kxh4 Rc1 49. Nf5 h5 50. Nd6 hxg4 
51. Rb5 f6 52. Rxa5 Rg1 53. Nf5 Rg2 54. Ne7+ Kf7 55. Nd5 Rxf2 56. Kxg4 f5+ 
57. Kg5 Ke6 58. Kg6 Rg2+ 59. Kh6 f4 60. Nxf4+ Nxf4 61. Rg5 Rc2 1/2-1/2

[Event "Monday 22January Rapid Engine Tour 12+1 Rounds 9 Starts 1600 ST"]
[Site "Infinity Chess"]
[Date "2018.1.22"]
[Round "7"]
[White "SkyPilot"]
[Black "xeonrocks"]
[Result "1/2-1/2"]
[ECO "C55"]
[WhiteElo "2477"]
[BlackElo "2546"]
[WhiteEngine "stockfish_x64_bmi2_2018_01_13_CTG"]
[BlackEngine "asmFishW_CTG"]
[EventType "Swiss"]
[WhiteTeam ""]
[BlackTeam ""]
[PlyCount "112"]
[TimeControl "720+1"]

1. e4 e5 2. Nf3 Nc6 3. Bc4 Nf6 4. d3 Bc5 5. c3 a5 6. O-O d6 7. Re1 O-O 8. a4 h6 
9. h3 Be6 10. Nbd2 Ba7 11. b3 d5 12. exd5 Nxd5 13. Ne4 Re8 14. Bd2 Nf6 
15. Qe2 Nxe4 16. Qxe4 Qd7 17. Rad1 Rad8 18. b4 axb4 19. cxb4 Bd5 20. Bxd5 Qxd5 
21. b5 Nd4 22. Nxd4 Qxd4 23. Be3 Qxe4 24. dxe4 Rxd1 25. Rxd1 Bxe3 26. fxe3 Ra8 
27. Rd7 Rxa4 28. Rxc7 b6 29. Rc6 Rxe4 30. Kf2 f5 31. Rxb6 Rb4 32. g3 Kf7 
33. Kf3 g5 34. g4 e4+ 35. Kg3 f4+ 36. exf4 Rb3+ 37. Kf2 gxf4 38. Rxh6 Rb2+ 
39. Kf1 Rxb5 40. Ra6 e3 41. Ra4 Rb1+ 42. Ke2 Rb2+ 43. Ke1 Rb1+ 44. Ke2 Rb2+ 
45. Kd1 Rf2 46. Ke1 Ke7 47. Ra7+ Kd6 48. Ra5 f3 49. Rf5 Re2+ 50. Kf1 Rh2 
51. Rxf3 e2+ 52. Ke1 Ke5 53. h4 Rh1+ 54. Kxe2 Rxh4 55. Rf5+ Ke4 56. Rf6 Rxg4 
1/2-1/2

[Event "Monday 22January Rapid Engine Tour 12+1 Rounds 9 Starts 1600 ST"]
[Site "Infinity Chess"]
[Date "2018.1.22"]
[Round "7"]
[White "Marsell"]
[Black "KULLANI"]
[Result "1-0"]
[ECO "C53"]
[WhiteElo "2489"]
[BlackElo "2456"]
[WhiteEngine "asmFishW_2018-01-11_popcnt"]
[BlackEngine "asmfish-popcnt-012018-W_CTG"]
[EventType "Swiss"]
[WhiteTeam ""]
[BlackTeam ""]
[PlyCount "146"]
[TimeControl "720+1"]

1. e4 e5 2. Nf3 Nc6 3. Bc4 Bc5 4. c3 Nf6 5. d3 d6 6. O-O a5 7. Bg5 O-O 8. a4 h6 
9. Bh4 g5 10. Bg3 Kg7 11. Nbd2 Ba7 12. Re1 Nh7 13. h3 h5 14. d4 g4 15. Nh4 exd4 
16. Rc1 gxh3 17. Ndf3 dxc3 18. Rxc3 Bc5 19. Qd5 Bb4 20. Qxh5 Bxc3 21. bxc3 Qf6 
22. Nf5+ Kh8 23. Re3 Be6 24. Bxe6 fxe6 25. N5h4 Kg8 26. Ng6 Kg7 27. Nxf8 Rxf8 
28. Qb5 Rf7 29. Qxb7 Ne7 30. gxh3 e5 31. Qa8 Ng6 32. Kh2 Qe6 33. Qxa5 Qb3 
34. Nh4 Nxh4 35. Bxh4 Kh6 36. Kg2 Nf8 37. Qb5 Qxb5 38. axb5 Ne6 39. Bg3 Rg7 
40. c4 Nc5 41. f3 Ne6 42. Kh2 Rf7 43. Rd3 Nc5 44. Ra3 Kg6 45. Kg2 Rf8 
46. Ra7 Rc8 47. Be1 Ne6 48. Kf2 Kh5 49. Bb4 Kg5 50. Ra6 Nf4 51. Bd2 Rh8 
52. Ba5 Rxh3 53. Bxc7 Rh2+ 54. Kg1 Rc2 55. Bd8+ Kh5 56. Rxd6 Rxc4 57. b6 Rc1+ 
58. Kf2 Rb1 59. Bf6 Rb2+ 60. Ke1 Ng2+ 61. Kd1 Ne3+ 62. Kc1 Rc2+ 63. Kb1 Rc5 
64. Re6 Nc4 65. Bd8 Nd2+ 66. Kb2 Nxf3 67. Be7 Rb5+ 68. Kc3 Kg4 69. Kc4 Rb1 
70. Bb4 Rc1+ 71. Kd3 Rd1+ 72. Kc3 Rd8 73. b7 Rb8 1-0

[Event "Monday 22January Rapid Engine Tour 12+1 Rounds 9 Starts 1600 ST"]
[Site "Infinity Chess"]
[Date "2018.1.22"]
[Round "7"]
[White "Wolle"]
[Black "Katzenmaier"]
[Result "1/2-1/2"]
[ECO "B90"]
[WhiteElo "2510"]
[BlackElo "2465"]
[WhiteEngine "Raubfisch X37a2_CTG"]
[BlackEngine "SugaR XPrO x64 POPCNT_CTG"]
[EventType "Swiss"]
[WhiteTeam ""]
[BlackTeam ""]
[PlyCount "105"]
[TimeControl "720+1"]

1. e4 c5 2. Nf3 d6 3. d4 cxd4 4. Nxd4 Nf6 5. Nc3 a6 6. Be3 e5 7. Nb3 Be6 
8. h3 Be7 9. f4 Nc6 10. f5 Bxb3 11. axb3 Nb4 12. g3 Qc7 13. Bb5+ Kf8 14. Bc4 Rd8 
15. Nd5 Nfxd5 16. exd5 b5 17. Qd2 bxc4 18. Qxb4 cxb3 19. cxb3 Ra8 20. O-O f6 
21. Rac1 Qb8 22. Bb6 Bd8 23. Rc6 a5 24. Qxd6+ Qxd6 25. Rxd6 Bxb6+ 26. Rxb6 Ke7 
27. Rb7+ Kd6 28. Rxg7 Rag8 29. Rxg8 Rxg8 30. Kf2 Rb8 31. Ra1 Rxb3 32. Rxa5 Rxb2+ 
33. Ke3 Rb3+ 34. Ke4 Rb4+ 35. Kd3 Rd4+ 36. Ke2 Re4+ 37. Kf2 Rb4 38. g4 Rb3 
39. h4 e4 40. Ra6+ Ke5 41. Ke2 Kf4 42. Rxf6 Re3+ 43. Kd1 Rd3+ 44. Ke2 Kxg4 
45. Rf8 Rxd5 46. f6 Kf5 47. f7 Kg6 48. Ke3 Kg7 49. Kxe4 Kxf8 50. Kxd5 Kxf7 
51. Ke4 Kf6 52. Kf4 h6 53. Kf3 1/2-1/2

[Event "Monday 22January Rapid Engine Tour 12+1 Rounds 9 Starts 1600 ST"]
[Site "Infinity Chess"]
[Date "2018.1.22"]
[Round "6"]
[White "Dinkelberger"]
[Black "Satria_Ungu"]
[Result "1/2-1/2 "]
[ECO "C65"]
[WhiteElo "2367"]
[BlackElo "2404"]
[WhiteEngine "stockfish_17111113_x64_modern_CTG"]
[BlackEngine "Houdini 6_CTG"]
[EventType "Swiss"]
[WhiteTeam ""]
[BlackTeam ""]
[PlyCount "298"]
[TimeControl "720+1"]

1. e4 e5 2. Nf3 Nc6 3. Bb5 Nf6 4. O-O Nxe4 5. d4 Nd6 6. Bxc6 dxc6 7. dxe5 Nf5 
8. Qxd8+ Kxd8 9. Nc3 Bd7 10. h3 Kc8 11. g4 Ne7 12. Ng5 Be8 13. f4 h6 14. Nf3 b6 
15. f5 c5 16. Bf4 g6 17. f6 Nc6 18. Nd5 Nd8 19. c4 g5 20. Be3 Nc6 21. Kf2 Bd7 
22. Bd2 a5 23. Bc3 Kb7 24. Rad1 Be6 25. Ne3 Re8 26. b3 a4 27. Kg3 Rh7 
28. Rd3 Rh8 29. Rd2 Ra8 30. Rfd1 Ra6 31. Rb1 Rg8 32. Rdd1 Rg6 33. Rd2 Rg8 
34. Rdb2 Kb8 35. Rd1 Ra8 36. Rh2 Kb7 37. Rhd2 Rh8 38. Rh1 Bc8 39. Rf1 Be6 
40. Rb1 Ra6 41. Rdb2 Bc8 42. Rd1 Ra8 43. Rd3 Be6 44. Kg2 Rg8 45. Kh2 Kc8 
46. Rb1 Kb7 47. Rb2 Kc8 48. Kg3 Ra6 49. Rh2 Kb8 50. Rhd2 Kb7 51. Rb2 Kc8 
52. Rbd2 Kb7 53. Rg2 Ra7 54. Re2 Ra8 55. Rd1 Rh8 56. Rb2 Bc8 57. Rd3 Be6 
58. Rf2 Kb8 59. Rfd2 Ra7 60. Nf5 Ra8 61. Rf2 Kb7 62. Ne3 Rg8 63. Rd1 Rh8 
64. Rc2 Rg8 65. Rcd2 Rh8 66. Rd3 Rg8 67. Ra1 Rh8 68. Re1 Ra7 69. Kg2 Rg8 
70. Re2 Rh8 71. Rb2 Rg8 72. Kg3 Ra6 73. Re2 Ra8 74. Rh2 Rg6 75. h4 gxh4+ 
76. Kf4 h3 77. Nf5 Ka6 78. Rxh3 b5 79. Ne3 axb3 80. axb3 b4 81. Bb2 Kb7 
82. Rh1 Ra2 83. Rb1 Rg8 84. Nf5 Kb8 85. Rdd1 Kb7 86. Rd2 Kc8 87. Rh2 Bd7 
88. Ra1 Rxa1 89. Bxa1 Nd8 90. Rh4 Bc6 91. Ke3 Ne6 92. Bb2 Kd8 93. Bc1 Kd7 
94. Ne1 Ng5 95. Nd3 Nf3 96. Rh3 Nd4 97. Nxd4 cxd4+ 98. Kf4 Bb7 99. Rh2 Bc8 
100. Kf3 Rg6 101. Bd2 Bb7+ 102. Kg3 c5 103. Bf4 Be4 104. e6+ Ke8 105. Ne5 Rxf6 
106. exf7+ Rxf7 107. Nxf7 Kxf7 108. Rf2 Kg8 109. Be5 Bg6 110. Bc7 h5 111. g5 Bb1 
112. Kf4 d3 113. Be5 Be7 114. Rg2 Bf8 115. Ke3 Bg7 116. Bxg7 Kxg7 117. Rf2 Bc2 
118. Rf6 Bxb3 119. Kxd3 Ba2 120. Rc6 h4 121. Rh6 Bb1+ 122. Ke3 Ba2 123. Rxh4 Kg6 
124. Kf4 Bxc4 125. Rh6+ Kg7 126. Rc6 Bd3 127. Rxc5 b3 128. Rc7+ Kg6 129. Rb7 Bc2 
130. Rb8 Bd1 131. Rb5 Bc2 132. Rb6+ Kh7 133. Ke5 Kg7 134. Rb7+ Kg6 135. Kf4 Bd1 
136. Rb6+ Kg7 137. Kf5 Bc2+ 138. Kg4 Bd1+ 139. Kf4 Bc2 140. Rb7+ Kg6 
141. Rb6+ Kh7 142. Ke3 Kg7 143. Kd4 Bd1 144. Kc3 Bc2 145. Rf6 Kg8 146. Rd6 Kg7 
147. Rf6 Kg8 148. Kb2 Kg7 149. Rc6 Kf7 1/2-1/2

[Event "Monday 22January Rapid Engine Tour 12+1 Rounds 9 Starts 1600 ST"]
[Site "Infinity Chess"]
[Date "2018.1.22"]
[Round "6"]
[White "OlivierEvan"]
[Black "hafaba"]
[Result "1/2-1/2"]
[ECO "B00"]
[WhiteElo "2393"]
[BlackElo "2420"]
[WhiteEngine "Houdini 6"]
[BlackEngine "Stockfish SL FA POPCNT_CTG"]
[EventType "Swiss"]
[WhiteTeam ""]
[BlackTeam ""]
[PlyCount "168"]
[TimeControl "720+1"]

1. e4 Nc6 2. d4 d5 3. Nc3 dxe4 4. d5 Nb8 5. Nxe4 c6 6. Bc4 cxd5 7. Qxd5 Qxd5 
8. Bxd5 e6 9. Bc4 Nf6 10. Nxf6+ gxf6 11. Be3 b6 12. O-O-O Bb7 13. Bb5+ Bc6 
14. Bxc6+ Nxc6 15. Nf3 Nb4 16. a3 Nd5 17. Rd3 b5 18. g3 h5 19. Kd2 a5 
20. Ra1 Rb8 21. c3 Nxe3 22. Kxe3 Bc5+ 23. Ke2 Ke7 24. Rad1 Rhc8 25. h3 Rc7 
26. Kf1 Ra8 27. Nd4 b4 28. Nb5 Rb7 29. a4 bxc3 30. Rxc3 Bb4 31. Rc4 f5 
32. Nd4 Ke8 33. Nc6 Bf8 34. Rb1 Rb3 35. Nd4 Rb4 36. Rxb4 Bxb4 37. Nc6 Bd6 
38. Rd1 Kd7 39. Ne5+ Ke7 40. Nc4 Bc7 41. Kg2 Rg8 42. Kf3 h4 43. gxh4 Rh8 
44. Rc1 Rxh4 45. Kg2 Rd4 46. b3 Kd7 47. Rh1 Rd3 48. Rb1 Ke8 49. b4 axb4 
50. a5 f4 51. a6 f3+ 52. Kf1 Bb8 53. Ke1 Rc3 54. Rxb4 Bf4 55. Nb2 Rc1+ 
56. Nd1 Be5 57. Rb3 Ra1 58. Rxf3 Rxa6 59. Rb3 f5 60. Ne3 Kf7 61. Ke2 Kg6 
62. Kf3 Bd4 63. Rb8 Bf6 64. Rc8 Ra3 65. Rc6 Kf7 66. Kg2 Ra4 67. Nc4 Ra2 
68. Kg3 Bd4 69. f4 Kf6 70. Rd6 Bc3 71. Kf3 Rh2 72. Kg3 Re2 73. Nb6 Kf7 
74. Rd7+ Kg6 75. Kf3 Re4 76. Rd6 Bd4 77. Nc4 Kh5 78. Ra6 Re1 79. Rd6 Rf1+ 
80. Ke2 Rxf4 81. Rxe6 Kg5 82. Ne3 Rh4 83. Re8 Rxh3 84. Nxf5 Kxf5 1/2-1/2

[Event "Monday 22January Rapid Engine Tour 12+1 Rounds 9 Starts 1600 ST"]
[Site "Infinity Chess"]
[Date "2018.1.22"]
[Round "6"]
[White "ocirema"]
[Black "star99"]
[Result "1/2-1/2"]
[ECO "B90"]
[WhiteElo "2428"]
[BlackElo "2428"]
[WhiteEngine "asmfish-popcnt-012018-W_CTG"]
[BlackEngine "Cryptic AIL V1"]
[EventType "Swiss"]
[WhiteTeam ""]
[BlackTeam ""]
[PlyCount "212"]
[TimeControl "720+1"]

1. e4 c5 2. Nf3 d6 3. d4 cxd4 4. Nxd4 Nf6 5. Nc3 a6 6. Be3 e5 7. Nf3 Be7 
8. Bc4 O-O 9. O-O Be6 10. Bxe6 fxe6 11. Na4 Nfd7 12. c4 Nc6 13. Rc1 Nc5 
14. Nxc5 dxc5 15. Qxd8 Raxd8 16. Rcd1 b6 17. Rxd8 Rxd8 18. g3 Kf7 19. Rc1 Bf6 
20. h4 a5 21. Kf1 g6 22. Ke2 Ke7 23. Rc3 Kd6 24. Kf1 Nb4 25. Bg5 Rf8 26. Rb3 Bg7 
27. Bd2 Nc6 28. Ng1 Rb8 29. Rf3 Rb7 30. Ne2 Nd4 31. Rd3 Kc6 32. Nc3 h5 
33. Bg5 Rf7 34. Kg2 Bf6 35. Bc1 Rf8 36. Bd2 Bg7 37. Be3 Kc7 38. Rd1 Kc6 
39. Kh3 Rd8 40. Kg2 Rh8 41. Rc1 Rd8 42. Rd1 Bf6 43. Kf1 Rd7 44. Bc1 Be7 
45. Be3 Bf6 46. Na4 Ra7 47. Kg2 Rf7 48. Nc3 Rd7 49. Rc1 Kc7 50. Kh3 Re7 
51. Nb5+ Kc6 52. Nc3 Rf7 53. Rd1 Rd7 54. Bh6 Rb7 55. Kg2 Ra7 56. Nb1 a4 
57. Nc3 Ra8 58. Bd2 Ra6 59. Rf1 Ra8 60. Rc1 Ra6 61. Be3 Ra7 62. Bd2 Ra6 
63. Re1 Ra7 64. Rd1 Ra6 65. Be3 Ra8 66. Bc1 Ra5 67. Kf1 Ra8 68. Be3 Ra6 
69. Kg2 Ra7 70. Kh3 Be7 71. Nb1 Ra5 72. Na3 Bd8 73. Bd2 Ra7 74. Be3 Ra5 
75. Rc1 Bf6 76. Bh6 Ra7 77. Rd1 Rh7 78. Bc1 Rb7 79. Be3 Rb8 80. Rd3 Rd8 
81. Bh6 Rb8 82. Be3 Be7 83. Rd1 Rb7 84. Kg2 Bf6 85. Kh3 Rb8 86. Rc1 Be7 
87. Bh6 Bf6 88. Be3 Rb7 89. Kg2 Ne2 90. Rd1 Nd4 91. Bc1 Be7 92. Kh3 Bf6 
93. Bh6 Bg7 94. Bg5 Bf8 95. Be3 Be7 96. Re1 Nf3 97. Rh1 Bf6 98. Kg2 Nd4 
99. Bc1 Rb8 100. Be3 Rb7 101. Rc1 Be7 102. Kh2 Rb8 103. Kg2 Rb7 104. Rh1 Bd6 
105. Rb1 Be7 106. Bc1 Bd6 1/2-1/2

[Event "Monday 22January Rapid Engine Tour 12+1 Rounds 9 Starts 1600 ST"]
[Site "Infinity Chess"]
[Date "2018.1.22"]
[Round "6"]
[White "ivrdurant"]
[Black "RonWeasley"]
[Result "1/2-1/2"]
[ECO "C11"]
[WhiteElo "2378"]
[BlackElo "2479"]
[WhiteEngine "Raubfisch X37b3._CTG"]
[BlackEngine "BrainFish 130117_CTG"]
[EventType "Swiss"]
[WhiteTeam ""]
[BlackTeam ""]
[PlyCount "102"]
[TimeControl "720+1"]

1. e4 e6 2. d4 d5 3. Nc3 Nf6 4. e5 Nfd7 5. f4 c5 6. Nf3 Nc6 7. Be3 cxd4 
8. Nxd4 Qb6 9. Qd2 Qxb2 10. Rb1 Qa3 11. Bb5 Nxd4 12. Bxd4 a6 13. Bxd7+ Bxd7 
14. Rb3 Qe7 15. Rxb7 Rc8 16. O-O Qd8 17. Qf2 Rxc3 18. Bxc3 Qc8 19. Rb3 Ba4 
20. Bd4 Bxb3 21. axb3 Be7 22. c3 O-O 23. b4 Qc6 24. h3 Bd8 25. Kh1 h6 26. f5 f6 
27. fxe6 Qxe6 28. exf6 Bxf6 29. Re1 Qc6 30. Bxf6 Qxf6 31. Qd2 Kh7 32. Qd3+ Kh8 
33. Ra1 Re8 34. Kh2 Qf4+ 35. Kh1 Qf6 36. Rf1 Qd6 37. Rf2 Re1+ 38. Rf1 Re5 
39. g3 Kg8 40. Rf5 Rxf5 41. Qxf5 Qxg3 42. Qxd5+ Kh7 43. Qf5+ Kh8 44. Qf8+ Kh7 
45. Qf5+ Kh8 46. Qe6 Qxc3 47. Qe8+ Kh7 48. Qe4+ Kg8 49. Qe8+ Kh7 50. Qe4+ Kg8 
51. Qe8+ Kh7 1/2-1/2

[Event "Monday 22January Rapid Engine Tour 12+1 Rounds 9 Starts 1600 ST"]
[Site "Infinity Chess"]
[Date "2018.1.22"]
[Round "6"]
[White "BraveDevil"]
[Black "Victorious"]
[Result "1/2-1/2"]
[ECO "D31"]
[WhiteElo "2383"]
[BlackElo "2480"]
[WhiteEngine "Cryptic AIL V1"]
[BlackEngine "BugChess2.41_Release"]
[EventType "Swiss"]
[WhiteTeam ""]
[BlackTeam ""]
[PlyCount "65"]
[TimeControl "720+1"]

1. d4 d5 2. c4 e6 3. Nc3 c6 4. e4 dxe4 5. Nxe4 Bb4+ 6. Bd2 Qxd4 7. Bxb4 Qxe4+ 
8. Be2 Na6 9. Ba5 b6 10. Qd6 Bd7 11. Bc3 f6 12. Nf3 Nh6 13. Rd1 Rd8 14. Qa3 Bc8 
15. Nd2 Qf4 16. Bh5+ Nf7 17. O-O c5 18. Qa4+ Ke7 19. Rfe1 Ng5 20. Re3 Rd6 
21. Rde1 Rhd8 22. Nf3 Kf8 23. g3 Qf5 24. Nxg5 Qxg5 25. Bf3 Qg6 26. a3 Qf7 
27. Qc2 h6 28. b4 e5 29. Qh7 Qg8 30. Qe4 Qf7 31. Qh7 Qg8 32. Qe4 Qf7 33. Qh7 
1/2-1/2

[Event "Monday 22January Rapid Engine Tour 12+1 Rounds 9 Starts 1600 ST"]
[Site "Infinity Chess"]
[Date "2018.1.22"]
[Round "6"]
[White "Dovahkiin"]
[Black "Thinker"]
[Result "1/2-1/2"]
[ECO "A00"]
[WhiteElo "2425"]
[BlackElo "2418"]
[WhiteEngine "BrainFish_180113_x64_modern_CTG"]
[BlackEngine "BrainFish_180113_x64_modern_CTG"]
[EventType "Swiss"]
[WhiteTeam ""]
[BlackTeam ""]
[PlyCount "224"]
[TimeControl "720+1"]

1. e3 e5 2. e4 Nf6 3. Nc3 Bc5 4. Bc4 O-O 5. Nf3 d6 6. d3 c6 7. a4 h6 8. O-O Re8 
9. h3 Nbd7 10. Be3 a5 11. Bxc5 Nxc5 12. Re1 Be6 13. Bxe6 Nxe6 14. b3 Qb6 
15. Ne2 g6 16. Qc1 Kg7 17. Qb2 Qa7 18. Nd2 b5 19. b4 Reb8 20. axb5 Rxb5 
21. Qc3 Qc7 22. bxa5 Raxa5 23. Rxa5 Rxa5 24. d4 d5 25. exd5 Rxd5 26. Nf3 e4 
27. Nd2 Qa5 28. Nb3 Qxc3 29. Nxc3 Rd7 30. Nxe4 Nxd4 31. Nxf6 Kxf6 32. Kf1 Nxc2 
33. Rc1 Nb4 34. Rc4 Rb7 35. Nd4 Rb6 36. g4 Kg7 37. Kg2 Kf8 38. h4 Ke8 39. h5 Kd7 
40. Nf3 gxh5 41. gxh5 Kd6 42. Rf4 Ke6 43. Re4+ Kf5 44. Rc4 Nd3 45. Nd4+ Kg4 
46. Nxc6+ Kxh5 47. Kg3 Rb5 48. Rd4 Rg5+ 49. Kf3 Ne5+ 50. Nxe5 Rxe5 51. Rd1 f6 
52. Ra1 Rf5+ 53. Kg3 Rc5 54. Ra8 Kg5 55. Rg8+ Kf5 56. Rh8 Rc3+ 57. Kh4 Kg6 
58. Rg8+ Kf5 59. Rh8 Rc1 60. Kg3 Kg6 61. Rg8+ Kh7 62. Rd8 h5 63. Rb8 Kh6 
64. Rb6 Kg6 65. Rb5 Rc3+ 66. Kh4 Rc4+ 67. Kg3 Rg4+ 68. Kf3 Ra4 69. Kg3 Ra3+ 
70. Kh4 Ra4+ 71. Kg3 Rg4+ 72. Kf3 Rg5 73. Rb6 Rf5+ 74. Kg3 Rg5+ 75. Kf4 Rg4+ 
76. Kf3 Ra4 77. Rb5 Ra6 78. Kf4 Ra3 79. Rb7 Ra2 80. Kf3 Rc2 81. Rb8 Rc1 
82. Kf4 Rc3 83. Ke4 Rc4+ 84. Kf3 Rd4 85. Ke3 Rc4 86. Kf3 Kg7 87. Kg3 Rg4+ 
88. Kh3 Kf7 89. Rb7+ Kg6 90. Rb8 Kg5 91. Rf8 Rh4+ 92. Kg3 Ra4 93. Rg8+ Kf5 
94. Rh8 Kg6 95. Rg8+ Kf5 96. Rh8 Ra3+ 97. Kh4 Ra1 98. Kg3 Kg5 99. Rg8+ Kh6 
100. Kf4 Ra5 101. Rh8+ Kg7 102. Rb8 Rg5 103. Rb6 Kg6 104. Rb7 Rg2 105. Kf3 Rg1 
106. Rb6 Rg5 107. Rb4 Ra5 108. Kf4 Ra6 109. Re4 Ra2 110. Kf3 Rc2 111. Kg3 Kf5 
112. Rf4+ Kg6 1/2-1/2

[Event "Monday 22January Rapid Engine Tour 12+1 Rounds 9 Starts 1600 ST"]
[Site "Infinity Chess"]
[Date "2018.1.22"]
[Round "6"]
[White "KhalidOmar"]
[Black "MarioDeMonti"]
[Result "1/2-1/2"]
[ECO "C58"]
[WhiteElo "2461"]
[BlackElo "2464"]
[WhiteEngine "Eman 1.66 64-bit BMI2"]
[BlackEngine "stockfish_x64_bmi2_2018_01_13_CTG"]
[EventType "Swiss"]
[WhiteTeam ""]
[BlackTeam ""]
[PlyCount "151"]
[TimeControl "720+1"]

1. e4 e5 2. Nf3 Nc6 3. Bc4 Nf6 4. Ng5 d5 5. exd5 Na5 6. Bb5+ c6 7. dxc6 bxc6 
8. Bd3 Nd5 9. h4 Qc7 10. Nc3 h6 11. Nf3 Bd6 12. Ne4 O-O 13. Nxd6 Qxd6 14. O-O c5 
15. Nh2 Rb8 16. Re1 Nf4 17. Bf1 Nc6 18. d3 Qf6 19. h5 Qf5 20. c3 Rd8 21. Qa4 Qf6 
22. Qc4 Qd6 23. Bxf4 exf4 24. b3 Bd7 25. Rad1 Rbc8 26. Qe4 Re8 27. Qa4 Red8 
28. Qe4 Re8 29. Qa4 a5 30. Rxe8+ Rxe8 31. Qc4 Be6 32. Qa6 Rd8 33. Qb5 Bd5 
34. Be2 Rb8 35. Qa4 Qf6 36. Bf3 Bxf3 37. Nxf3 Ne5 38. Ne1 Qh4 39. f3 Qxh5 
40. Qxf4 Re8 41. Qd2 Qh4 42. Qf2 Qg5 43. Qe2 Qg3 44. Qf2 Qg5 45. g3 a4 
46. bxa4 Nd7 47. Ng2 Ra8 48. Rd2 Rxa4 49. Qe3 Ra3 50. Qxg5 hxg5 51. Rc2 Ne5 
52. Ne1 f5 53. Kf2 Ra4 54. Re2 Ng6 55. Rd2 Ne5 56. Ng2 f4 57. d4 Nc4 
58. Re2 fxg3+ 59. Kxg3 cxd4 60. cxd4 Nd6 61. Re5 Rxd4 62. a3 Rd3 63. a4 Ra3 
64. a5 Nc4 65. Rxg5 Nxa5 66. Nf4 Nc4 67. Ne2 Nd2 68. Rf5 g6 69. Rd5 Nxf3 
70. Kg4 Kf7 71. Nf4 g5 72. Nd3 Ke7 73. Kxf3 Kf6 74. Rd4 Kf5 75. Kg2 Ra5 76. Nf2 
1/2-1/2

[Event "Monday 22January Rapid Engine Tour 12+1 Rounds 9 Starts 1600 ST"]
[Site "Infinity Chess"]
[Date "2018.1.22"]
[Round "6"]
[White "Eman"]
[Black "Prometheus"]
[Result "1/2-1/2"]
[ECO "D30"]
[WhiteElo "2478"]
[BlackElo "2429"]
[WhiteEngine "Eman 1.66 64-bit POPCNT"]
[BlackEngine "Eman 1.58-64bit-IDeA"]
[EventType "Swiss"]
[WhiteTeam ""]
[BlackTeam ""]
[PlyCount "86"]
[TimeControl "720+1"]

1. d4 d5 2. c4 e6 3. Nf3 Nf6 4. Nc3 Bb4 5. Qa4+ Nc6 6. Qc2 dxc4 7. e3 b5 
8. a4 Ba6 9. axb5 Bxb5 10. Be2 O-O 11. O-O a6 12. Na2 Bd6 13. Bxc4 Qe8 14. b3 e5 
15. Nc3 exd4 16. exd4 Nb4 17. Qf5 Qd7 18. Nh4 Bxc4 19. bxc4 Rfe8 20. Bg5 Qxf5 
21. Nxf5 Ne4 22. Nxe4 Rxe4 23. Rfd1 a5 24. Ra4 g6 25. Nxd6 cxd6 26. h3 h5 
27. f3 Re2 28. Rb1 Nd3 29. Rb3 f6 30. Rxd3 fxg5 31. Kh2 Kf7 32. Rb3 Rd2 
33. Rb7+ Kf6 34. c5 Re8 35. Rxa5 Ree2 36. Kh1 Rxg2 37. Ra6 Rh2+ 38. Kg1 g4 
39. fxg4 Rdg2+ 40. Kf1 Rf2+ 41. Kg1 Rfg2+ 42. Kf1 Rc2 43. Kg1 Rcg2+ 1/2-1/2

[Event "Monday 22January Rapid Engine Tour 12+1 Rounds 9 Starts 1600 ST"]
[Site "Infinity Chess"]
[Date "2018.1.22"]
[Round "6"]
[White "KULLANI"]
[Black "Longin"]
[Result "1/2-1/2"]
[ECO "C53"]
[WhiteElo "2456"]
[BlackElo "2451"]
[WhiteEngine "asmfish-popcnt-012018-W_CTG"]
[BlackEngine "S_XPrO.251117.x64.POPCNT_CTG"]
[EventType "Swiss"]
[WhiteTeam ""]
[BlackTeam ""]
[PlyCount "265"]
[TimeControl "720+1"]

1. e4 e5 2. Nf3 Nc6 3. Bc4 Bc5 4. c3 Nf6 5. d3 d6 6. O-O a5 7. Re1 O-O 
8. Nbd2 Be6 9. Bb5 Ne7 10. d4 Ba7 11. Ba4 Ng6 12. h3 Nh5 13. Nf1 exd4 
14. Nxd4 Nhf4 15. Ng3 Bxd4 16. cxd4 d5 17. Qf3 Qf6 18. Bd1 c6 19. Be3 a4 
20. e5 Qh4 21. Bc2 f6 22. Bxg6 Nxg6 23. exf6 Rxf6 24. Qh5 h6 25. Qxh4 Nxh4 
26. Re2 Bd7 27. Bd2 b6 28. Bb4 Ng6 29. Re3 Rc8 30. Rd1 Re8 31. Rde1 Rxe3 
32. Rxe3 Nf4 33. Ra3 Ne6 34. Rxa4 Nxd4 35. Ra8+ Kh7 36. Rd8 Rf7 37. Bd6 b5 
38. Ra8 Nc2 39. Bc5 d4 40. Rd8 Be6 41. Ne2 Bxa2 42. Nxd4 Nxd4 43. Bxd4 g5 
44. f3 Be6 45. Rd6 Rd7 46. Rxd7+ Bxd7 47. Kf2 h5 48. g4 b4 49. Ke3 b3 
50. Ke4 Kg6 51. Ke3 Bc8 52. Kd2 h4 53. Ke1 Ba6 54. Be3 Bb5 55. Bd4 Bc4 
56. Kf2 Bd5 57. Bb6 Kh7 58. Kg2 Kg6 59. Be3 Kf6 60. Bc5 Bc4 61. Bd4+ Ke6 
62. Kg1 Bb5 63. Kg2 Bd3 64. Bc5 Bc4 65. Kf2 Kf6 66. Bb4 Bd5 67. Bc3+ Kg6 
68. Bd4 Kf7 69. Be3 Kg6 70. Bc5 Kf6 71. Be3 Kg6 72. Bd4 Kf7 73. Bb6 Kg6 
74. Bc5 Kf6 75. Bf8 Kf7 76. Bd6 Kg6 77. Kg2 Kf6 78. Bc5 Bc4 79. Bf2 Kg6 
80. Bb6 Bd5 81. Kf2 Kf6 82. Ba7 Kg6 83. Be3 Kf6 84. Ba7 Kg6 85. Kg2 Kg7 
86. Bc5 Kf6 87. Bg1 Ke5 88. Ba7 Kf4 89. Kf2 Ke5 90. Be3 Kf6 91. Kg2 Bc4 
92. Bc5 Kg6 93. Bg1 Bd3 94. Bf2 Bc4 95. Ba7 Kf6 96. Bc5 Kg6 97. Be7 Bd5 
98. Kf2 Kh6 99. Bf8+ Kg6 100. Be7 Kh6 101. Ke3 Kg6 102. f4 gxf4+ 103. Kxf4 Bg2 
104. Bxh4 Bxh3 105. Bf2 Bf1 106. g5 Be2 107. Bd4 Bd3 108. Ba7 Bc4 109. Bc5 Bf1 
110. Be7 Kf7 111. Bd8 c5 112. Bb6 c4 113. Bd4 Be2 114. Ke3 Bg4 115. Ke4 Be6 
116. Bf6 Bd7 117. Kf4 Kg6 118. Bc3 Be6 119. Bf6 Bd5 120. Bc3 Be6 121. Be1 Bd5 
122. Bd2 Be6 123. Bc1 Bh3 124. Bd2 Be6 125. Bc1 c3 126. bxc3 Bc4 127. Ba3 Be2 
128. Bc1 Bc4 129. Ke4 b2 130. Bxb2 Kxg5 131. Bc1+ Kf6 132. Bb2 Be6 133. c4+ 
1/2-1/2